 Dungeon Crawl Stone Soup version 0.25-a0-346-g140ab784a8 (webtiles) character file.

Game seed: 2428946631690945022, levelgen mode: deterministic

209 BritishOli the Ducker (level 5, 0/41 HPs)
             Began as a Demonspawn Gladiator on Dec 31, 2019.
             Slain by Terence
             ... wielding a cursed +0 hand axe
              (1 damage)
             ... on level 3 of the Dungeon.
             The game lasted 00:02:22 (2530 turns).

BritishOli the Ducker (Demonspawn Gladiator)        Turns: 2530, Time: 00:02:22

Health: 0/41       AC:  6    Str: 15    XL:     5   Next: 55%
Magic:  0/5        EV: 13    Int: 10    God:
Gold:   164        SH:  0    Dex: 14    Spells: 4/4 levels left

rFire    . . .     SeeInvis .   a - +0 long sword
rCold    . . .     Gourm    .   (no shield)
rNeg     . . .     Faith    .   b - +0 leather armour
rPois    .         Spirit   +   m - +2 helmet
rElec    .         Reflect  .   (no cloak)
rCorr    .         Harm     .   (no gloves)
MR       .....                  (no boots)
Stlth    +.........             (no amulet)
HPRegen  0.13/turn              (no ring)
MPRegen  0.18/turn              (no ring)

@: no status effects
A: claws 1, magic shield, magic regeneration
a: no special abilities


You were on level 3 of the Dungeon.
You were hungry.

You visited 1 branch of the dungeon, and saw 3 of its levels.

You collected 164 gold pieces.

Inventory:

Hand Weapons
 a - a +0 long sword (weapon)
Missiles
 d - a throwing net (quivered)
Armour
 b - a +0 leather armour (worn)
 c - a +0 helmet
 m - a +2 helmet (worn)
Jewellery
 j - an uncursed ring of poison resistance {unknown}
Scrolls
 h - a scroll of enchant armour {unknown}
 i - a scroll of enchant weapon {unknown}
 k - a scroll of immolation {unknown}
 n - a scroll of remove curse {unknown}
 o - 2 scrolls of identify {unknown}
 p - a scroll of fear {unknown}
Potions
 e - a potion of mutation {unknown}
 g - a potion of lignification {unknown}
 l - 2 potions of curing {unknown}
Comestibles
 f - 4 rations
 q - 3 chunks of flesh


   Skills:
 + Level 3.4 Fighting
 + Level 3.6 Long Blades
 + Level 3.0 Throwing
 + Level 3.6 Dodging


You had 4 spell levels left.
You didn't know any spells.
Your spell library was empty.

Dungeon Overview and Level Annotations

Branches:
Dungeon (3/15)

Altars:
Kikubaaqudgha

Annotations:
D:3 Terence


Innate Abilities, Weirdness & Mutations

You have sharp fingernails.
When hurt, damage is shared between your health and your magic reserves.
You regenerate magic rapidly.


Message History

Terence is heavily wounded.
Terence completely misses you.
You hit Terence but do no damage.
Terence is heavily wounded.
Terence hits you but does no damage.
You barely miss Terence.
Terence is heavily wounded.
Terence closely misses you.
You barely miss Terence.
Terence is heavily wounded.
Terence zaps a wand.
The puff of flame hits you.
* * * LOW HITPOINT WARNING * * *
You hit Terence.
Terence is heavily wounded.
Terence hits you with a cursed +0 hand axe.
* * * LOW HITPOINT WARNING * * *
You hit Terence but do no damage.
Terence is heavily wounded.
Terence hits you with a cursed +0 hand axe.
You die...

#.#.#...##.#
#.#.#..>...
#......<.#
#####รท###.##
...#.#...#
#######.#.....#
.....<......#.#
#.....#.#.#
####@@..#.#
....oo#.#...#
.####.#.#.### .
#.#.# #.#..
#.### #.# #..


You could see Terence and 2 orcs.

Vanquished Creatures
  A centaur (D:2)
  6 adders
  2 dart slugs
  2 leopard geckos (D:1)
  12 orcs
  A ball python (D:3)
  A giant cockroach (D:1)
  8 hobgoblins
  2 jackals (D:3)
  4 kobolds
  6 bats
  2 frilled lizards
  6 goblins
  9 rats
62 creatures vanquished.

Vanquished Creatures (others)
  5 toadstools (D:1)
5 creatures vanquished.

Grand Total: 67 creatures vanquished

Notes
Turn   | Place    | Note
-------+----------+-------------------------------------------
     0 | D:1      | BritishOli the Demonspawn Gladiator began the quest for the
                  | Orb.
     0 | D:1      | Reached XP level 1. HP: 16/16 MP: 1/1
   242 | D:1      | Gained mutation: You have sharp fingernails. [demonic
                  | ancestry]
   242 | D:1      | Reached XP level 2. HP: 19/22 MP: 2/2
  1088 | D:2      | Gained mutation: When hurt, damage is shared between your
                  | health and your magic reserves. [demonic ancestry]
  1088 | D:2      | Reached XP level 3. HP: 27/28 MP: 3/3
  1121 | D:2      | Found an ancient bone altar of Kikubaaqudgha.
  1594 | D:2      | Noticed a centaur
  1618 | D:2      | Killed a centaur
  1618 | D:2      | Reached XP level 4. HP: 8/35 MP: 0/4
  2005 | D:3      | Gained mutation: You regenerate magic rapidly. [demonic
                  | ancestry]
  2005 | D:3      | Reached XP level 5. HP: 32/41 MP: 5/5
  2486 | D:3      | Noticed Terence
  2524 | D:3      | HP: 2/41 [Terence/puff of flame (3)]
  2529 | D:3      | HP: 1/41 [Terence/cursed +0 hand axe (1)]
  2530 | D:3      | Slain by Terence

Levels and vault maps discovered:
D:1:      ldierk_walled_garden, layout_basic, kennysheep_small_spiral
D:2:      layout_basic, lemuel_coloured_pillars_altar, serial_park_tiny_pond,
          due_unseen_surprise
D:3:      layout_basic, uniq_terence

Skill      XL: |  1  2  3  4  5 |
---------------+----------------+-----
Throwing       | 2 3 |  3.0
Dodging        | 3 |  3.6
Long Blades    | 3 |  3.6
Fighting       | 3 |  3.4

Action                   |  1- 3 |  4- 6 || total
-------------------------+-------+-------++-------
Melee: Long sword        |    86 |   115 ||   201
Throw: Throwing net      |     3 |       ||     3
 Stab: Sleeping          |       |     1 ||     1
  Eat: Chunk             |     2 |     3 ||     5
Armor: Leather armour    |    29 |    32 ||    61
Dodge: Dodged            |    70 |    84 ||   154
       Rpst.: Long sword |    24 |    24 ||    48

Table legend:
 A = Non-vault XP
 B = Vault XP
 C = Vault XP percentage of total XP
 D = Non-vault monster count
 E = Vault monster count
 F = Vault count percentage of total count
                 A         B        C        D         E       F
            +---------+---------+-------+---------+---------+-------
      Total |     299 |       0 |   0.0 |      62 |       0 |   0.0
            +---------+---------+-------+---------+---------+-------
        D:1 |      29 |       0 |   0.0 |      16 |       0 |   0.0
        D:2 |     163 |       0 |   0.0 |      20 |       0 |   0.0
        D:3 |     107 |       0 |   0.0 |      26 |       0 |   0.0
            +---------+---------+-------+---------+---------+-------
